 Dungeon Crawl Stone Soup version 0.29.1-1-gd02db6906a (webtiles) character file.

Game seed: 14300654024799300598

197 Hadkhar the Digger (level 5, -2/28 HPs)
             Began as a Gargoyle Earth Elementalist on Oct 16, 2022.
             Slain by Edmund
             ... wielding a +2 dire flail of protection
              (15 damage)
             ... on level 4 of the Dungeon.
             The game lasted 00:27:48 (3954 turns).

Hadkhar the Digger (Gargoyle Earth Elementalist)    Turns: 3954, Time: 00:27:49

Health: -2/28      AC:  6    Str: 18    XL:     5   Next: 75%
Magic:  13/18      EV: 11    Int: 17    God:
Gold:   176        SH:  0    Dex: 10    Spells: 4/10 levels left

rFire   . . .      SeeInvis .   d - +5 lajatang "Heheqewiatz" {holy, +Blink}
rCold   . . .      Faith    .   (shield currently unavailable)
rNeg    + . .      Spirit   .   a - +0 robe
rPois   ∞          Reflect  .   (no helmet)
rElec   +          Harm     .   h - scarf {+Inv}
rCorr   .          Rampage  .   (no gloves)
Will    .....                   (no boots)
Stlth   ++........              (no amulet)
HPRegen 0.09/turn               z - ring of magical power
MPRegen 0.16/turn               y - +6 ring of strength

@: no status effects
A: sickness immunity, AC +4, negative energy resistance 1, electricity
resistance, torment resistance 1, petrification resistance
a: Evoke Blink, Evoke Invisibility


You were on level 4 of the Dungeon.
You visited 1 branch of the dungeon, and saw 4 of its levels.

You collected 176 gold pieces.

Inventory:

Hand Weapons
 d - the +5 lajatang "Heheqewiatz" (weapon) {holy, +Blink}
   (You acquired it on level 4 of the Dungeon)

   It has been blessed by the Shining One to cause great damage to the undead
   and demons.
   +Blink:    It lets you blink.
 k - a +0 hand axe of flaming
 n - a +2 double sword of electrocution
Missiles
 j - 4 poisoned darts (quivered)
 u - a throwing net
Armour
 a - a +0 robe (worn)
 h - a scarf of invisibility (worn)
Magical Staves
 m - a staff of earth
Jewellery
 q - a ring of flight
 s - a +6 ring of dexterity
 v - a ring of protection from cold
 y - a +6 ring of strength (right hand)
 z - a ring of magical power (left hand)
Scrolls
 e - a scroll of summoning {unknown}
 g - a scroll of amnesia {unknown}
 l - a scroll of teleportation {unknown}
 o - a scroll of fog {unknown}
 p - 2 scrolls of noise {unknown}
 r - a scroll of vulnerability {unknown}
 t - a scroll of magic mapping {unknown}
Potions
 b - a potion of magic
 f - 3 potions of curing
 i - 2 potions of attraction
 w - 2 potions of cancellation


   Skills:
 + Level 0.0 Staves
 - Level 1.5 Dodging
 - Level 3.9 Stealth
 + Level 3.2 Spellcasting
 + Level 2.4 Conjurations
 - Level 0.7 Transmutations
 + Level 4.9 Earth Magic


You had 4 spell levels left.
You knew the following spells:

 Your Spells              Type           Power      Damage    Failure   Level
a - Sandblast             Erth           38%        2d10      2%          1
b - Passwall              Tmut/Erth      10%        N/A       9%          2
c - Stone Arrow           Conj/Erth      30%        3d8       12%         3

Your spell library contained the following spells:

 Spells                   Type           Power      Damage    Failure   Level
 Magic Dart               Conj           44%        1d5       6%          1
 Searing Ray              Conj           22%        2d5       10%         2
 Apportation              Tloc           4%         N/A       17%         1
 Necrotise                Necr           8%         1d4       17%         1
 Summon Small Mammal      Summ           8%         N/A       17%         1
 Petrify                  Tmut/Erth      12%        N/A       47%         4
 Fulminant Prism          Conj/Hex       3%         3d6       71%         4


Dungeon Overview and Level Annotations

Branches:
Dungeon (4/15)
 Temple: D:4-7

Altars:
Ashenzari
Ru

Shops:
D:1 *

Annotations:
D:4 Edmund


Innate Abilities, Weirdness & Mutations

You are immune to sickness and miasma.
Your stone body is resilient. (AC +4)
You are immune to poison.
You resist negative energy. (rN+)
You are resistant to electric shocks. (rElec)
You are resistant to unholy torment.
You are immune to petrification.


Message History

Press: ? - help, Shift-Dir - straight line, f/p - Edmund
Aim: Edmund, wielding a +2 dire flail of protection and wearing a +0 ring mail (84% to hit)
Okay, then.
Casting: Sandblast (safe; 2% risk of failure)
Confirm with . or Enter, or press ? or * to list all spells.
The spell is quite dangerous to miscast (12% risk of failure)!
Continue anyway?
Aiming: Stone Arrow (quite dangerous; 12% risk of failure)
Press: ? - help, Shift-Dir - straight line, f/p - Edmund
Aim: Edmund, wielding a +2 dire flail of protection and wearing a +0 ring mail (72% to hit)
The stone arrow hits Edmund.
Edmund is lightly wounded.
Casting: Stone Arrow (quite dangerous; 12% risk of failure)
Confirm with . or Enter, or press ? or * to list all spells.
Aiming: Sandblast (safe; 2% risk of failure)
Press: ? - help, Shift-Dir - straight line, f/p - Edmund
Aim: Edmund, wielding a +2 dire flail of protection and wearing a +0 ring mail (lightly wounded, 84% to hit)
The blast of sand hits Edmund.
Edmund is lightly wounded.
You closely miss Edmund.
Edmund is lightly wounded.
Edmund hits you with a +2 dire flail of protection!
Edmund barely misses you.
You barely miss Edmund.
Edmund is lightly wounded.
Edmund hits you but does no damage.
You hit Edmund but do no damage.
Edmund is lightly wounded.
Edmund barely misses you.
You closely miss Edmund.
Edmund is lightly wounded.
Edmund closely misses you. Edmund hits you but does no damage.
You hit Edmund but do no damage.
Edmund is lightly wounded.
Edmund hits you with a +2 dire flail of protection!
You hit Edmund but do no damage.
Edmund is lightly wounded.
Edmund barely misses you.
Edmund hits you with a +2 dire flail of protection!
Ouch! That really hurt!
You die...

#...)#)### #....)...# ...#
#...##.#.# ...# #......#.#
#...# #....###.# ....#
########.# ....# #....#.#
....# #.##.#.######....#
#.##.#....@......#
#.##...###@......#
#.####...+.......#
#....#####.......# #####
####.#...#.......# #....
#.....#.....### #....
#####.###....>########....
#..)......................
#.##.###..................


You could see Edmund.

Vanquished Creatures
  2 orc priests
  2 adders
  3 gnolls (D:3)
  An ufetubus (D:4)
  2 dart slugs (D:1)
  12 orcs
  6 ball pythons
  3 endoplasms
  A giant cockroach (D:3)
  3 goblins
  8 hobgoblins
  3 jackals (D:4)
  2 quokkas (D:2)
  7 bats
  A frilled lizard (D:1)
  11 kobolds
  A rat (D:1)
68 creatures vanquished.

Notes
Turn   | Place    | Note
-------+----------+-------------------------------------------
     0 | D:1      | Hadkhar the Gargoyle Earth Elementalist began the quest for
                  | the Orb.
     0 | D:1      | Reached XP level 1. HP: 10/10 MP: 3/3
   132 | D:1      | Reached XP level 2. HP: 8/15 MP: 1/5
   414 | D:1      | Learned a level 2 spell: Passwall
   553 | D:1      | Found Hagaot's Assorted Antiques.
   665 | D:1      | Reached skill level 4 in Earth Magic
   872 | D:2      | Reached XP level 3. HP: 19/19 MP: 4/6
   952 | D:2      | Found a sacrificial altar of Ru.
  1008 | D:2      | Reached skill level 1 in Conjurations
  1985 | D:3      | Found a broken altar of Ashenzari.
  2094 | D:3      | Reached XP level 4. HP: 24/24 MP: 5/8
  2552 | D:3      | HP: 1/24 [hobgoblin/+0 hand axe (5)]
  3014 | D:3      | Reached XP level 5. HP: 25/28 MP: 4/9
  3197 | D:4      | Learned a level 3 spell: Stone Arrow
  3542 | D:4      | Identified 2 scrolls of acquirement
  3543 | D:4      | Acquired a +2 double sword of electrocution
  3613 | D:4      | Acquired the +5 lajatang "Heheqewiatz" {holy, +Blink}
  3876 | D:4      | Noticed Edmund
  3954 | D:4      | Slain by Edmund

Illustrated notes

Levels and vault maps discovered:
D:1:      lemuel_arrival_hallway, layout_rooms, serial_shops,
          nicolae_shop_stone, st_stairs_6, minivault_24
D:2:      kennysheep_big_flooded_room, layout_loops_ring, basic_altar,
          minmay_goblin_kobold_house
D:3:      layout_loops_ring, ashenzari_conservatory_becter, chequers_garden
D:4:      layout_basic, temple_pool_b, grunt_tough_drop, uniq_edmund

Skill      XL: |  1  2  3  4  5 |
---------------+----------------+-----
Earth Magic    | 4 |  4.9
Conjurations   | 1 2 |  2.4
Stealth        | 3 |  3.9
Spellcasting   | 3 |  3.2
Dodging        | |  1.5
Transmutations | |  0.7

Action                   |  1- 3 |  4- 6 || total
-------------------------+-------+-------++-------
Melee: Dagger            |    12 |    33 ||    45
       Staff             |    17 |       ||    17
       Punch             |       |     1 ||     1
       Lajatang          |       |    10 ||    10
       Double sword      |       |     2 ||     2
 Cast: Sandblast         |    47 |    33 ||    80
       Passwall          |     1 |       ||     1
       Stone Arrow       |       |     3 ||     3
  Use: Scroll            |       |     6 ||     6
Armor: Robe              |    20 |    14 ||    34
Dodge: Dodged            |    42 |    31 ||    73
